cohdb
Replays
Latest Replays
All Replays
Popular Replays
Top Player Replays
Match Explorer
How It Works
Community
CoH3 Stats
Reddit
Sign in to upload your games and track your stats! →
Sign in with Steam
Match 45811839
Unlisted
Match 45811839
Overview
Messages
Build Orders
End
Kradschützen Motorcycle Team
Panzergrenadier Squad
Selects Armored Support Battlegroup
Panzergrenadier Squad
Panzerpioneer Squad
Construct Light Support Kompanie
MG34 Team
Construct Mechanized Kompanie
Selects Superior Fire Drills
Selects Salvage Kits
Assault Mechanized Group
8 Rad Armored Car
Panzerpioneer Squad
8 Rad Armored Car
Panzerjäger Mechanized Group
8 Rad Armored Car
8 Rad Armored Car
8 Rad Armored Car
Selects Panzer Storm
Selects Stuka Anti-tank Loiter
2.5-tonne Medical Truck
Stuka Anti-tank Loiter
8 Rad Armored Car
Panzerjäger Mechanized Group
Panzerpioneer Squad
Selects Flammpanzer III Medium Tank
Selects Command Panzer IV F Medium Tank
Panzerpioneer Squad
8 Rad Armored Car
Stuka Anti-tank Loiter
Flammpanzer III Medium Tank
Panzerjäger Squad
Flammpanzer III Medium Tank
Panzerpioneer Squad
Hello
Wolfe
0
0
Comments
sign in to comment!
No comments posted yet!